 Dungeon Crawl Stone Soup version 0.27-a0-1502-g47ed6a6988 (webtiles) character file.

Game seed: 4979915079926475548

9508 mandarbmax the Grappler (level 11, -3/151 (163) HPs)
             Began as a Troll Chaos Knight on July 8, 2021.
             Was a Plaything of Xom.
             Slain by an ice devil (15 damage)
             ... summoned by Xom
             ... on level 1 of the Lair of Beasts on July 9, 2021.
             The game lasted 00:23:52 (9351 turns).

mandarbmax the Grappler (Troll Chaos Knight)        Turns: 9351, Time: 00:23:54

HP:   -3/151 (163)  AC:  3    Str: 18      XL:     11   Next: 24%
MP:   10/10         EV: 12    Int:  1 (4)  God:    Xom [....*.]
Gold: 537           SH:  0    Dex: 11 (12) Spells: 10/10 levels left

rFire    . . .     SeeInvis .     - Unarmed
rCold    . . .     Faith    .   (no shield)
rNeg     . . .     Spirit   .   y - +2 steam dragon scales
rPois    +         Reflect  .   (helmet restricted)
rElec    .         Harm     .   (no cloak)
rCorr    .         Rampage  .   (gloves unavailable)
Will     +....                  (boots unavailable)
Stlth    ..........             (no amulet)
HPRegen  1.35/turn              h - ring of poison resistance
MPRegen  0.12/turn              m - ring of willpower

@: berserking (expiring), corroded, slowed, lost intelligence, drained
A: large, unfitting armour, claws 3, regeneration 1, shaggy fur 1, tough skin 1,
talons 1, iridescent scales 1, deterioration 1, dopey 2, poison resistance, weak
2, MP-powered wands
a: Renounce Religion


You were on level 1 of the Lair of Beasts.
You worshipped Xom.
You were a beloved toy of Xom.
You visited 2 branches of the dungeon, and saw 12 of its levels.

You collected 537 gold pieces.

Inventory:

Missiles
 c - 6 atropa-tipped darts
 o - 5 throwing nets
 r - 9 javelins
 t - 9 boomerangs (quivered)
 B - 4 large rocks
 C - a curare-tipped dart
Armour
 v - +0 acid dragon scales
 y - +2 steam dragon scales (worn)
Jewellery
 h - a ring of poison resistance (left claw)
 j - a ring of magical power
 m - a ring of willpower (right claw)
Wands
 p - a wand of flame (38)
 s - a wand of paralysis (6)
 w - a wand of digging (4)
Scrolls
 b - 2 scrolls of vulnerability
 e - a scroll of brand weapon
 f - a scroll of magic mapping
 g - 2 scrolls of teleportation
 l - a scroll of amnesia {unknown}
 n - a scroll of blinking
 u - a scroll of fog
 F - a scroll of identify
Potions
 a - a potion of brilliance
 d - 3 potions of attraction
 i - a potion of lignification
 k - a potion of might
 x - 2 potions of curing
 z - 2 potions of resistance
Miscellaneous
 D - a box of beasts (inert)
 E - a tin of tremorstones (inert)


   Skills:
 + Level 7.3 Fighting
 - Level 5.0 Throwing
 + Level 6.9 Dodging
 - Level 10.0 Unarmed Combat
 + Level 5.9 Evocations


You had 10 spell levels left.
You didn't know any spells.
Your spell library contained the following spells:

 Spells                   Type           Power      Damage    Failure   Level
 Apportation              Tloc           0%         N/A       56%         1
 Freeze                   Ice            0%         1d3       56%         1
 Passwall                 Tmut/Erth      0%         N/A       71%         2
 Poisonous Vapours        Pois/Air       0%         N/A       71%         2
 Slow                     Hex            0%         N/A       71%         2
 Confusing Touch          Hex            0%         N/A       91%         3
 Frozen Ramparts          Ice            0%         1d2       91%         3
 Gell's Gravitas          Tloc           0%         N/A       91%         3
 Ignite Poison            Fire/Tmut/Pois 0%         N/A       91%         3
 Lesser Beckoning         Tloc           0%         N/A       91%         3
 Mephitic Cloud           Conj/Pois/Air  0%         N/A       91%         3
 Stone Arrow              Conj/Erth      0%         3d7       91%         3
 Teleport Other           Tloc           0%         N/A       91%         3
 Vampiric Draining        Necr           0%         2d6       91%         3
 Hailstorm                Conj/Ice       0%         3d3       100%        4
 Alistair's Intoxication  Tmut/Pois      0%         N/A       100%        5
 Bolt of Magma            Conj/Fire/Erth 0%         4d4       100%        5
 Borgnjor's Vile Clutch   Necr/Erth      0%         N/A       100%        5
 Freezing Cloud           Conj/Ice/Air   0%         6-21      100%        5
 Invisibility             Hex            0%         N/A       100%        6
 Shatter                  Erth           0%         3d5*      100%        9


Dungeon Overview and Level Annotations

Branches:
Dungeon (11/15)            Temple (0/1) D:7            Lair (1/6) D:9
    Orc (0/2) D:10

Altars:
Ashenzari
Cheibriados
Dithmenos
Gozag
Nemelex Xobeh
Okawaru
Ru
Uskayaw
Vehumet
Xom

Shops:
D:7 *(:

Annotations:
Lair:1 2 transporters, Foferoat's ghost, journeyman GnDe


Innate Abilities, Weirdness & Mutations

You are too large for most types of armour.
You have claws for hands.
Your natural rate of healing is unusually fast.
You are covered in fur. (AC +1)
You have tough skin. (AC +1)
You have sharp toenails.
You are partially covered in iridescent scales. (AC +2)
Your body sometimes deteriorates upon taking damage.
You are very dopey. (Int -4)
Your system is resistant to poisons. (rPois)
You are very weak. (Str -4)
You expend magic power (3 MP) to strengthen your wands.


Message History

Unknown command.
Unknown command.
You claw the soul eater! x2
The soul eater is almost dead.
The soul eater hits you.
* * * LOW HITPOINT WARNING * * *
Unknown command.
You claw the soul eater!
You kill the soul eater!
Unknown command.
You claw the yak!
You kill the yak!
Unknown command.
You claw the yak!
You kill the yak!
Unknown command.
You completely miss the rust devil. You claw the rust devil.
The rust devil is moderately wounded.
Unknown command.
You scratch the rust devil.
The rust devil is moderately wounded.
The rust devil hits you.
* * * LOW HITPOINT WARNING * * *
The rust devil corrodes you!
Unknown command.
Unknown command.
Unknown command.
You mangle the rust devil!! You claw the rust devil!
The rust devil is almost dead.
The rust devil hits you. The rust devil corrodes you!
Unknown command.
You mangle the rust devil!!
You kill the rust devil!
You scratch the ice devil.
The ice devil is moderately wounded.
The ice devil hits you!
* * * LOW HITPOINT WARNING * * *
The ice devil freezes you!
You die...
Xom titters!

.........## #.##.....#........
..........######.................
.........# #.....................
.........# #..##.................
........# #..##..............#.#
.......## #..##.#...............
...^..## #..##.#............#..
###...# #..#..#...........##..
.##...# #..##@#............#.#
......######..##4##....#.....:#.#
.............5.YY##..............
#.......##....3#.##..............
##.....###.............#......#..
#.....P##....(........##.........
##....###...(.5...#...P#.........
#.....#...(P(.(..#....#.........
...........(((...#...............


You could see an ice devil (summoned), 2 yaks and a ynoxinul (summoned).

Vanquished Creatures
  A two-headed ogre (D:9)
  A glowing orange brain (Lair:1)
  Pikel (D:6)
  2 cane toads (Lair:1)
  An unseen horror (D:10)
  A komodo dragon (Lair:1)
  A gargoyle (D:11)
  A rime drake (D:10)
  3 blink frogs (Lair:1)
  Sigmund (D:4)
  5 yaks
  A hog (D:7)
  2 wyverns
  A basilisk (D:10)
  2 steam dragons
  2 acid dragons
  2 water moccasins
  A swamp drake (Lair:1)
  3 ice beasts
  3 necrophages
  7 orc warriors
  An ogre (D:6)
  A tengu (Lair:1)
  2 centaurs
  A lemure (D:6)
  A kobold brigand (D:9)
  2 bullfrogs (D:7)
  A gnoll sergeant (D:9)
  A water moccasin zombie (D:6)
  8 wights
  2 electric eels (D:10)
  2 centaur zombies (D:9)
  3 orc priests
  A hound (D:5)
  A bullfrog skeleton (D:6)
  8 orc wizards
  Natasha (thrice) (D:3)
  A mummy (D:6)
  A hound zombie (D:5)
  3 howler monkey zombies
  7 adders
  14 gnolls
  2 shadow imps
  2 white imps (D:8)
  2 ufetubi
  An adder skeleton (D:4)
  2 worms
  3 dart slugs
  40 orcs
  10 ball pythons
  4 bats
  13 endoplasms
  4 giant cockroaches
  11 goblins
  5 hobgoblins
  11 jackals
  6 quokkas
  2 frilled lizards (D:1)
  18 kobolds
  13 rats
  A plant (Lair:1)
256 creatures vanquished.

Vanquished Creatures (collateral kills)
  An ice beast (D:5)
  A wyvern skeleton (D:4)
  A bullfrog skeleton (D:4)
  A gnoll shaman (D:5)
  A gnoll (D:5)
  2 orcs (D:5)
7 creatures vanquished.

Vanquished Creatures (others)
  A yak (Lair:1)
  An orc warrior (D:9)
  A bullfrog (Lair:1)
  2 gnolls (D:9)
  A bush (D:8)
  2 fungi (Lair:1)
  2 plants (Lair:1)
10 creatures vanquished.

Grand Total: 273 creatures vanquished

Notes
Turn   | Place    | Note
-------+----------+-------------------------------------------
     0 | D:1      | mandarbmax the Troll Chaos Knight began the quest for the
                  | Orb.
     0 | D:1      | Reached XP level 1. HP: 22/22 MP: 0/0
    79 | D:1      | Reached XP level 2. HP: 29/29 MP: 1/1
   139 | D:1      | XOM: silly message
   238 | D:1      | XOM: give mutations
   238 | D:1      | Gained mutation: You sometimes lose the ability to read
                  | scrolls when taking damage. [Xom's mischief]
   238 | D:1      | Gained mutation: You are weak. (Str -2) [Xom's mischief]
   238 | D:1      | Gained mutation: You have large cloven feet. [Xom's
                  | mischief]
   271 | D:1      | XOM: polymorph giant cockroach -> quokka
   274 | D:1      | Reached XP level 3. HP: 37/37 MP: 2/2
   398 | D:1      | Reached skill level 4 in Unarmed Combat
   606 | D:1      | XOM is BORED!
   606 | D:1      | XOM: give mutations
   606 | D:1      | Gained mutation: You are very weak. (Str -4) [Xom's
                  | mischief]
   606 | D:1      | Lost mutation: You are very weak. (Str -4) [Xom's mischief]
   606 | D:1      | Lost mutation: You sometimes lose the ability to read
                  | scrolls when taking damage. [Xom's mischief]
   634 | D:1      | XOM: give mutations
   634 | D:1      | Lost mutation: You are weak. (Str -2) [Xom's mischief]
   634 | D:1      | Gained mutation: Your body sometimes deteriorates upon
                  | taking damage. [Xom's mischief]
   655 | D:1      | XOM: summons 2 hostile demons
   656 | D:1      | Noticed an ice devil
   699 | D:1      | XOM: summons 3 hostile shadow creatures
  1085 | D:2      | Found a sparkling altar of Nemelex Xobeh.
  1137 | D:2      | Reached XP level 4. HP: 45/45 MP: 3/3
  1188 | D:2      | XOM: give mutations
  1188 | D:2      | Gained mutation: Armour fits poorly on your strangely
                  | shaped body. [Xom's mischief]
  1188 | D:2      | Gained mutation: You are weak. (Str -2) [Xom's mischief]
  1188 | D:2      | Lost mutation: You have large cloven feet. [Xom's mischief]
  1252 | D:2      | XOM: draining
  1279 | D:2      | Found a faded altar of an unknown god.
  1604 | D:3      | Reached skill level 5 in Unarmed Combat
  1618 | D:3      | Noticed Natasha
  1626 | D:3      | XOM: summons friendly white imp
  1631 | D:3      | Killed Natasha
  1632 | D:3      | Reached XP level 5. HP: 44/50 MP: 4/4
  1656 | D:3      | Found an iron altar of Okawaru.
  1711 | D:3      | XOM: give mutations
  1711 | D:3      | Gained mutation: You have sharp toenails. [Xom's mischief]
  1711 | D:3      | Lost mutation: Armour fits poorly on your strangely shaped
                  | body. [Xom's mischief]
  1711 | D:3      | Gained mutation: You are dopey. (Int -2) [Xom's mischief]
  1711 | D:3      | Gained mutation: You are very weak. (Str -4) [Xom's
                  | mischief]
  1769 | D:3      | Noticed Natasha
  1776 | D:3      | Killed Natasha
  1798 | D:3      | Noticed Natasha
  1810 | D:3      | Killed Natasha
  1955 | D:3      | XOM: silly message
  2081 | D:3      | XOM: polymorph jackal -> dart slug
  2090 | D:3      | Reached skill level 6 in Unarmed Combat
  2231 | D:4      | Noticed an ice beast
  2236 | D:4      | XOM: confusion
  2262 | D:4      | XOM: divination: magic mapping
  2264 | D:4      | XOM: scenery: summon butterflies
  2272 | D:4      | XOM: summons friendly ufetubus
  2282 | D:4      | Killed an ice beast
  2283 | D:4      | Reached XP level 6. HP: 28/61 MP: 5/5
  2446 | D:4      | Reached skill level 7 in Unarmed Combat
  2491 | D:4      | XOM: cleaving
  2553 | D:4      | Noticed Sigmund
  2560 | D:4      | Killed Sigmund
  2561 | D:4      | Reached skill level 8 in Unarmed Combat
  2561 | D:4      | Reached XP level 7. HP: 67/67 MP: 6/6
  3048 | D:5      | Entered Level 5 of the Dungeon
  3053 | D:5      | Noticed a steam dragon
  3061 | D:5      | XOM: snakes to sticks
  3062 | D:5      | Killed a steam dragon
  3110 | D:5      | Reached skill level 9 in Unarmed Combat
  3178 | D:5      | XOM: enchant monster (good)
  3183 | D:5      | XOM: cast spell 'Monstrous Menagerie'
  3197 | D:5      | XOM: smoke on damage
  3201 | D:5      | Reached XP level 8. HP: 32/75 MP: 7/7
  3206 | D:5      | XOM: chaos upgrade
  3209 | D:5      | XOM: polymorph iguana -> goblin
  3211 | D:5      | Reached skill level 10 in Unarmed Combat
  3628 | D:6      | Noticed Pikel
  3642 | D:6      | Killed Pikel
  3760 | D:6      | XOM: noise
  3765 | D:6      | Reached XP level 9. HP: 76/84 MP: 8/8
  3944 | D:6      | Found a radiant altar of Vehumet.
  4087 | D:6      | Found a snail-covered altar of Cheibriados.
  4273 | D:7      | XOM: noise
  4368 | D:7      | Found Erheex's Weapon Boutique.
  4391 | D:7      | Noticed Joseph
  4392 | D:7      | XOM: confuse monster(s)
  4441 | D:7      | Noticed Joseph
  4441 | D:7      | Joseph changed into Joseph the hog
  4441 | D:7      | XOM: polymorph Joseph -> Joseph the hog
  4446 | D:7      | Killed Joseph the hog
  4532 | D:7      | Reached skill level 1 in Throwing
  4663 | D:7      | Found a staircase to the Ecumenical Temple.
  4738 | D:7      | Found Wytan's Book Shoppe.
  4929 | D:7      | Reached skill level 5 in Fighting
  5064 | D:7      | Found Qasiwn's General Store.
  5122 | D:8      | XOM: enchant monster (bad)
  5300 | D:8      | XOM: enchant monster (bad)
  5609 | D:8      | XOM: god gift: morningstar {god gift}
  5787 | D:8      | XOM: god gift: 20 arrows
  6381 | D:9      | Reached skill level 5 in Dodging
  6456 | D:9      | XOM: cleaving
  6472 | D:9      | XOM: scenery: summon butterflies
  6476 | D:9      | XOM: divine lightning
  6480 | D:9      | Reached XP level 10. HP: 86/97 MP: 9/9
  6503 | D:9      | XOM: scenery: create altars
  6551 | D:9      | Found a shadowy altar of Dithmenos.
  6600 | D:9      | Found a staircase to the Lair.
  6610 | D:9      | Got Sif Muna's Papyrus of the Mountains
  6680 | D:9      | XOM: god gift: 4 large rocks
  6850 | D:9      | Noticed a two-headed ogre
  6858 | D:9      | Killed a two-headed ogre
  7009 | D:9      | Found a broken altar of Ashenzari.
  7062 | D:9      | Found a hide-covered altar of Uskayaw.
  7336 | D:9      | XOM: silly message
  7389 | D:10     | Entered Level 10 of the Dungeon
  7392 | D:10     | XOM: scenery: create altars
  7393 | D:10     | XOM: give mutations
  7393 | D:10     | Gained mutation: Your system is resistant to poisons.
                  | (rPois) [Xom's grace]
  7393 | D:10     | Gained mutation: You expend magic power (3 MP) to
                  | strengthen your wands. [Xom's grace]
  7399 | D:10     | XOM: polymorph yak -> rime drake
  7442 | D:10     | XOM: fog
  7502 | D:10     | XOM: summons 6 friendly demons
  7518 | D:10     | XOM: give mutations
  7518 | D:10     | Gained mutation: Your body often deteriorates upon taking
                  | damage. [Xom's mischief]
  7518 | D:10     | Gained mutation: You are very dopey. (Int -4) [Xom's
                  | mischief]
  7518 | D:10     | Lost mutation: Your body often deteriorates upon taking
                  | damage. [Xom's mischief]
  7518 | D:10     | Gained mutation: You are partially covered in iridescent
                  | scales. (AC +2) [Xom's mischief]
  7701 | D:10     | XOM: polymorph troll -> basilisk
  7954 | D:10     | Found a sacrificial altar of Ru.
  7966 | D:10     | Found an opulent altar of Gozag.
  8054 | D:10     | Reached skill level 5 in Evocations
  8088 | D:10     | Noticed a two-headed ogre
  8098 | D:10     | Noticed an elephant
  8098 | D:10     | a two-headed ogre changed into an elephant
  8098 | D:10     | XOM: polymorph two-headed ogre -> elephant
  8109 | D:10     | XOM: 1-stop teleportation journey
  8296 | D:10     | Found a staircase to the Orcish Mines.
  8448 | D:11     | Noticed a gargoyle
  8452 | D:11     | XOM: confusion
  8467 | D:11     | Killed a gargoyle
  8468 | D:11     | Reached skill level 5 in Throwing
  8585 | Lair:1   | Entered Level 1 of the Lair of Beasts
  8608 | Lair:1   | Found a transporter.
  8613 | Lair:1   | Noticed an elephant
  8613 | Lair:1   | Noticed Foferoat's ghost (journeyman GnDe)
  8614 | Lair:1   | Noticed a lindwurm
  8615 | Lair:1   | Noticed a moth of wrath
  8639 | Lair:1   | XOM: summons 1 hostile demon
  8728 | Lair:1   | XOM: stat loss: -1 Str (17/18)
  8766 | Lair:1   | Found a transporter.
  8806 | Lair:1   | XOM: 1-stop teleportation journey
  8847 | Lair:1   | XOM: polymorph water moccasin -> swamp drake
  8909 | Lair:1   | Noticed a cane toad
  8911 | Lair:1   | XOM: chaos cloud
  8918 | Lair:1   | Killed a cane toad
  8921 | Lair:1   | XOM: enchant monster (bad)
  8925 | Lair:1   | Reached XP level 11. HP: 46/107 MP: 10/10
  8927 | Lair:1   | XOM: blink monster(s)
  8954 | Lair:1   | XOM: polymorph juvenile oxfire beast -> satyr
  9104 | Lair:1   | Noticed a five-headed hydra
  9105 | Lair:1   | Noticed a glowing orange brain
  9105 | Lair:1   | a five-headed hydra changed into a glowing orange brain
  9105 | Lair:1   | XOM: polymorph five-headed hydra -> glowing orange brain
  9111 | Lair:1   | Killed a glowing orange brain
  9133 | Lair:1   | Lost intelligence.
  9185 | Lair:1   | XOM: 2-stop teleportation journey
  9324 | Lair:1   | XOM: chaos cloud
  9326 | Lair:1   | XOM: 1-stop teleportation journey
  9330 | Lair:1   | XOM: summons 6 hostile demons
  9331 | Lair:1   | Noticed a soul eater
  9342 | Lair:1   | XOM: destruction
  9351 | Lair:1   | Slain by an ice devil

Illustrated notes

Levels and vault maps discovered:
D:1:      dpeg_arrival_rooms_c, layout_loops_ring, minmay_rat_gold_closets
D:2:      layout_rooms, basic_altar,
          dreamdust_ecumenical_altar_angels_and_demons,
          chequers_hall_statues_wall_a, kennysheep_another_room,
          minmay_increasing_density
D:3:      layout_basic, okawaru_gym_becter, uniq_natasha
D:4:      layout_loops_ring, uniq_sigmund
D:5:      layout_cave_pools
D:6:      layout_basic, slow_altar_2, mainiacjoe_overflow_chevrons, uniq_pikel
D:7:      layout_basic, minmay_temple_entry_grid, serial_shops,
          nicolae_stop_n_shop_1, nicolae_square_shop, nicolae_shop_crystal,
          uniq_joseph
D:8:      layout_basic, kb_lookout_dungeons_type
D:9:      layout_layer_cave, kennysheep_little_box,
          mainiacjoe_overflow_big_doors, lair_entry_dummy
D:10:     layout_long_grid, kennysheep_mini, general_overflow_altar, erik_orc_2
D:11:     layout_roguey, special_room [special_room_bee]
Lair:1:   layout_gridlike, gammafunk_ghost_berserking_beasts, lemuel_fruit_tree,
          serial_bayou_shore_b

Skill      XL: |  1  2  3  4  5  6  7  8  9 10 11 |
---------------+----------------------------------+-----
Dodging        | 2 3 5 6 |  6.9
Fighting       | 3 4 5 6 7 |  7.3
Unarmed Combat | 4 5 6 8 9 10 | 10.0
Evocations     | 2 4 5 |  5.9
Throwing       | 3 5 |  5.0

Action                   |  1- 3 |  4- 6 |  7- 9 | 10-12 || total
-------------------------+-------+-------+-------+-------++-------
Melee: Unarmed           |   126 |   106 |   276 |   172 ||   680
       Kick              |    11 |     9 |    79 |    53 ||   152
       Punch             |     2 |     2 |     8 |     8 ||    20
Throw: Javelin           |       |    18 |    48 |       ||    66
       Boomerang         |       |       |    10 |    97 ||   107
       Large rock        |       |       |       |    13 ||    13
       Dart              |       |       |       |     2 ||     2
Evoke: Wand              |       |       |     7 |       ||     7
       Tin of tremorston |       |       |       |     2 ||     2
       Box of beasts     |       |       |       |     1 ||     1
  Use: Scroll            |     2 |     1 |     9 |     4 ||    16
       Potion            |       |     3 |       |     3 ||     6
 Stab: Sleeping          |     1 |     1 |     1 |       ||     3
       Invisible         |       |       |       |     2 ||     2
Armor: Robe              |    52 |    31 |    50 |       ||   133
       Steam dragon scal |       |       |    32 |    45 ||    77
Dodge: Dodged            |    42 |    41 |   142 |    86 ||   311

Table legend: (Time is in decaauts)
 A = Elapsed time spent in this place.
 B = Non-inter-level travel time spent in this place.
 C = Inter-level travel time spent in this place.
 D = Time resting spent in this place.
 E = Time spent auto-exploring this place.
 F = Levels seen in this place.
 G = Mean time per level.
                   A        B        C        D        E       F      G
               +--------+--------+--------+--------+--------+-----+--------+
         Total |   9376 |   8900 |    476 |    595 |   6562 |  12 |  781.3 |
       Dungeon |   8540 |   8086 |    454 |    421 |   6063 |  11 |  776.4 |
          Lair |    836 |    815 |     21 |    174 |    499 |   1 |  836.0 |
               +--------+--------+--------+--------+--------+-----+--------+

Top non-repeatable levels by time:
     D:9: 1149 daAuts
     D:8: 1125 daAuts
    D:10: 1050 daAuts
     D:1: 1008 daAuts
     D:4: 876 daAuts
  Lair:1: 836 daAuts
     D:7: 798 daAuts
     D:6: 763 daAuts
     D:3: 601 daAuts
     D:2: 549 daAuts
     D:5: 526 daAuts
    D:11: 91 daAuts
